 Dungeon Crawl Stone Soup version 0.30.0-7-g0c4daa9e05 (webtiles) character file.

Game seed: 4089755830153473079

415 p3n3tr4t3 the Trooper (level 6, -1/67 HPs)
             Began as an Ogre Berserker on May 13, 2023.
             Was a Follower of Trog.
             Slain by a hound (3 damage)
             ... on level 4 of the Dungeon.
             The game lasted 00:07:51 (4097 turns).

p3n3tr4t3 the Trooper (Ogre Berserker)              Turns: 4097, Time: 00:07:52

Health: -1/67      AC:  5    Str: 23 (24) XL:     6   Next: 91%
Magic:  6/6        EV: 10    Int:  7 (8)  God:    Trog [*.....]
Gold:   135        SH:  0    Dex:  8      Spells: 5/5 levels left

rFire   . . .        a - +1 hand axe
rCold   . . .        (no shield)
rNeg    . . .        b - +0 animal skin
rPois   .            (helmet restricted)
rElec   .            (no cloak)
rCorr   .            (gloves unavailable)
SInv    .            (boots unavailable)
Will    .....        (no amulet)
Stlth   +            (no ring)
HPRegen 0.31/turn    (no ring)
MPRegen 0.10/turn

%: no passive effects
@: on berserk cooldown
A: large, unfitting armour, tough skin 1, talons 1, iridescent scales 1, sense
surroundings 1, wild magic 1
a: Renounce Religion, Berserk


You were on level 4 of the Dungeon.
You worshipped Trog.
Trog was aware of your devotion.
You visited 1 branch of the dungeon, and saw 4 of its levels.

You collected 135 gold pieces.

Inventory:

Hand Weapons
 a - a +1 hand axe (weapon)
Armour
 b - a +0 animal skin (worn)
Scrolls
 c - a scroll of identify
 d - a scroll of silence


   Skills:
 + Level 6.1 Fighting
 + Level 5.3 Axes
 + Level 4.2 Dodging
 + Level 0.8 Stealth


You had 5 spell levels left.
You didn't know any spells.
Your spell library was empty.

Dungeon Overview and Level Annotations

Branches:
Dungeon (4/15)
 Temple: D:4-7

Altars:

Shops:
D:1 !


Innate Abilities, Weirdness & Mutations

You are too large for most types of armour.
You have tough skin. (AC +1)
You have sharp toenails.
You are partially covered in iridescent scales. (AC +2)
You passively map a small area around you.
Your spells are a little harder to cast, but a little more powerful.


Message History

Trog accepts your kill.
The hound barks!
A hound is nearby!
A kobold comes into view. It is wielding a +0 whip.
The hound closely misses you. The hound bites you.
* * * LOW HITPOINT WARNING * * *
You closely miss the hound. Your kick misses the hound. The hound bites you.
* * * LOW HITPOINT WARNING * * *
The hound closely misses you.
You hit the hound. Your kick misses the hound. Your punch misses the hound.
The hound is moderately wounded.
The kobold shouts!
The hound bites you but does no damage. The hound barely misses you.
Okay, then.
You barely miss the hound. Your kick misses the hound.
The hound is moderately wounded.
The hound bites you but does no damage. The hound barely misses you.
The kobold throws a stone.
The stone hits you but does no damage. The hound bites you.
* * * LOW HITPOINT WARNING * * *
You hit the hound but do no damage. You claw the hound.
The hound is moderately wounded.
The hound bites you.
* * * LOW HITPOINT WARNING * * *
The hound bites you but does no damage.
You hit the hound. You claw the hound.
The hound is almost dead.
You feel yourself speed up. The hound bites you.
* * * LOW HITPOINT WARNING * * *
The kobold throws a stone.
The stone hits you but does no damage. The hound bites you.
* * * LOW HITPOINT WARNING * * *
You miss the hound. Your kick misses the hound.
The hound is almost dead.
The hound bites you.
* * * LOW HITPOINT WARNING * * *
The kobold throws a stone.
The stone hits you but does no damage. The hound bites you.
You die...

,, , #.##### , ...
,#...).# , <.. ,#####.#
, , ..,, , #.# * , , .##
#.# , , K># #.# * , ,
#.# #.# , #.########.##
# , #@#.........#
..########h#.........#
........##.#.........###
,
....s...##.##....#.....#
.....h..##.##....#.###.#
, ......./##.##....#.#
*.# .....hho##)##......#
# .........#.##....### ,
.......h.........# ,


You could see a hound and a kobold.

Vanquished Creatures
  Sigmund (D:2)
  A scorpion (D:4)
  Jessica (D:2)
  An orc wizard (D:4)
  4 gnolls
  6 adders
  3 dart slugs
  2 orcs (D:4)
  3 ball pythons
  5 bats
  6 endoplasms
  3 giant cockroaches
  3 goblins
  3 hobgoblins
  6 jackals
  2 quokkas
  5 frilled lizards
  4 kobolds
  2 rats (D:1)
61 creatures vanquished.

Notes
Turn   | Place    | Note
-------+----------+-------------------------------------------
     0 | D:1      | p3n3tr4t3 the Ogre Berserker began the quest for the Orb.
     0 | D:1      | Reached XP level 1. HP: 24/24 MP: 1/1
   129 | D:1      | Reached XP level 2. HP: 27/33 MP: 2/2
   206 | D:1      | Gained mutation: You passively map a small area around you.
                  | [potion of mutation]
   206 | D:1      | Gained mutation: You have sharp toenails. [potion of
                  | mutation]
   206 | D:1      | Gained mutation: Your spells are a little harder to cast,
                  | but a little more powerful. [potion of mutation]
   206 | D:1      | Gained mutation: You are partially covered in iridescent
                  | scales. (AC +2) [potion of mutation]
   320 | D:1      | Found Qiffataph's Distillery.
   769 | D:2      | Found a faded altar of an unknown god.
   878 | D:2      | Reached XP level 3. HP: 27/40 MP: 3/3
  1033 | D:2      | Noticed Sigmund
  1044 | D:2      | Killed Sigmund
  1045 | D:2      | Reached skill level 5 in Fighting
  1045 | D:2      | Reached XP level 4. HP: 40/50 MP: 4/4
  1045 | D:2      | Reached XP level 5. HP: 46/57 MP: 5/5
  1252 | D:2      | Reached ** piety under Trog
  2089 | D:2      | Reached XP level 6. HP: 46/67 MP: 6/6
  2271 | D:2      | Noticed Jessica
  2292 | D:2      | Killed Jessica
  2348 | D:2      | You fall into a shaft and drop 1 floor!
  3616 | D:3      | Reached skill level 5 in Axes
  4068 | D:4      | Reached skill level 6 in Fighting
  4097 | D:4      | HP: 2/67 [hound (3)]
  4097 | D:4      | Slain by a hound

Illustrated notes

Levels and vault maps discovered:
D:1:      saegor_arrival_simple_d, layout_loops_ring, serial_shops, shop,
          columned_hall_lemuel, minmay_hedge_maze, dreamdust_mushroom_princess
D:2:      layout_loops_ring, nicolae_ecumenical_oubliette,
          kennysheep_generic_room_10, uniq_jessica, uniq_sigmund
D:3:      layout_basic
D:4:      layout_basic, serial_shops, shop

Skill      XL: |  1  2  3  4  5  6 |
---------------+-------------------+-----
Dodging        | 3 4 |  4.2
Fighting       | 5 6 |  6.1
Axes           | 4 5 |  5.3
Stealth        | |  0.8

Action                     |  1- 3 |  4- 6 || total
---------------------------+-------+-------++-------
  Melee: Hand axe          |    70 |   170 ||   240
         Kick              |     4 |    35 ||    39
         Punch             |       |     2 ||     2
 Invoke: Berserk           |     1 |     3 ||     4
         Trog's Hand       |       |     1 ||     1
    Use: Scroll            |     2 |     3 ||     5
         Potion            |     1 |     4 ||     5
   Stab: Distracted        |       |     1 ||     1
 Armour: Animal skin       |    29 |    57 ||    86
  Dodge: Dodged            |    32 |    94 ||   126
